[ PARTIDA AOE2 · #506912132 ]
UnrankedChinos vs Aztecs
Equipo del jugador · VICT
Equipo rival · DERR
[ ANÁLISIS DE REPETICIÓN · EXTRAÍDO DE LA PARTIDA GRABADA ]
Feudal
11:21
Castillos
16:07
Imperial
—
| APM promedio | 74.8 |
| APM pico | 160 |
| eAPM promedio | 48.2 |
| Aldeanos / militares | 118 / 34 |
Foco
⚔️ 44.9% · 🌾 55.1%
Chu Ko Nu ×26 · Iron Pagoda ×5 · Monk ×2 · Battering Ram ×1
Feudal
8:34
Castillos
19:38
Imperial
—
| APM promedio | 83.4 |
| APM pico | 131 |
| eAPM promedio | 42.1 |
| Aldeanos / militares | 126 / 61 |
Foco
⚔️ 42.0% · 🌾 58.0%
Archer ×58 · Mangonel ×2 · Jaguar Warrior ×1
Mapa de la partida
Recursos iniciales + cada clic de construcción. Líneas = muros · curvas = relieve. ◆ oro · ⬟ piedra · ● bayas · ✦ reliquia · ◌ hueco del cierre
Tu base· ✓ Cerrada en 16:07 · 23t muro · 3 puerta(s)
Base de carbine· ✓ Cerrada en 19:38 · 10t muro · 2 puerta(s)
Terreno inicial suavizado · ◌ = hueco del cierre detectado · pasá el cursor para detalles
Inputs por minuto
— Dobbs351 - - carbine
Build order — Dobbs351
Primeras 150 de 255 acciones detectadas
| 0:02 | Investigar | Loom |
| 0:02 | Investigar | Loom |
| 0:03 | Construir | House |
| 0:50 | Crear | Villager (Male) |
| 0:51 | Crear | Villager (Male) |
| 1:14 | Crear | Villager (Male) |
| 1:38 | Crear | Villager (Male) |
| 1:44 | Construir | Lumber Camp |
| 2:01 | Crear | Villager (Male) |
| 2:27 | Crear | Villager (Male) |
| 2:50 | Crear | Villager (Male) |
| 3:13 | Crear | Villager (Male) |
| 3:43 | Crear | Villager (Male) |
| 4:05 | Construir | House |
| 4:06 | Construir | House |
| 4:07 | Construir | House |
| 4:11 | Crear | Villager (Male) |
| 4:27 | Construir | Mill |
| 4:32 | Crear | Villager (Male) |
| 4:49 | Crear | Villager (Male) |
| 5:07 | Crear | Villager (Male) |
| 5:24 | Crear | Villager (Male) |
| 6:15 | Crear | Villager (Male) |
| 6:16 | Crear | Villager (Male) |
| 6:20 | Construir | Mining Camp |
| 7:04 | Crear | Villager (Male) |
| 7:28 | Crear | Villager (Male) |
| 7:54 | Crear | Villager (Male) |
| 7:55 | Construir | Mining Camp |
| 8:07 | Crear | Villager (Male) |
| 8:07 | Crear | Villager (Male) |
| 8:48 | Investigar | Feudal Age |
| 8:49 | Investigar | Feudal Age |
| 9:18 | Construir | Palisade Wall |
| 9:18 | Construir | Palisade Wall |
| 9:48 | Construir | Palisade Wall |
| 9:50 | Construir | Palisade Wall |
| 10:22 | Construir | Palisade Wall |
| 10:24 | Construir | Palisade Wall |
| 10:39 | Construir | Farm |
| 10:40 | Construir | Farm |
| 10:48 | Construir | House |
| 11:13 | Crear | Villager (Male) |
| 11:13 | Crear | Villager (Male) |
| 11:21 | Edad | Edad Feudal |
| 11:29 | Construir | Watch Tower |
| 11:35 | Construir | Market |
| 11:38 | Construir | Blacksmith |
| 11:40 | Crear | Villager (Male) |
| 11:55 | Crear | Villager (Male) |
| 12:07 | Crear | Villager (Male) |
| 12:19 | Crear | Villager (Male) |
| 12:25 | Crear | Villager (Male) |
| 12:30 | Construir | Farm |
| 12:36 | Crear | Villager (Male) |
| 12:58 | Crear | Villager (Male) |
| 13:27 | Investigar | Castle Age |
| 13:27 | Investigar | Castle Age |
| 14:03 | Investigar | Double-Bit Axe |
| 14:34 | Investigar | Fletching |
| 14:34 | Investigar | Fletching |
| 14:37 | Construir | Farm |
| 14:38 | Construir | Farm |
| 14:38 | Construir | Farm |
| 14:43 | Construir | Lumber Camp |
| 15:33 | Crear | Villager (Male) |
| 15:45 | Investigar | Horse Collar |
| 15:45 | Investigar | Horse Collar |
| 15:51 | Construir | Farm |
| 15:53 | Construir | Farm |
| 16:01 | Construir | House |
| 16:07 | Edad | Edad de los Castillos |
| 16:42 | Construir | Farm |
| 16:45 | Crear | Villager (Male) |
| 16:50 | Construir | Castle |
| 17:15 | Construir | Siege Workshop |
| 17:17 | Crear | Villager (Male) |
| 17:31 | Construir | Farm |
| 17:42 | Crear | Villager (Male) |
| 17:46 | Crear | Iron Pagoda |
| 18:09 | Crear | Chu Ko Nu ×5 |
| 18:15 | Crear | Chu Ko Nu |
| 18:20 | Crear | Villager (Male) |
| 18:21 | Investigar | Bodkin Arrow |
| 18:21 | Investigar | Bodkin Arrow |
| 18:54 | Crear | Villager (Male) |
| 18:57 | Crear | Iron Pagoda |
| 19:17 | Crear | Villager (Male) |
| 19:27 | Crear | Villager (Male) |
| 19:37 | Crear | Chu Ko Nu |
| 19:38 | Crear | Villager (Male) |
| 19:43 | Crear | Villager (Male) |
| 19:57 | Crear | Villager (Male) |
| 20:08 | Construir | Farm |
| 20:09 | Construir | Farm |
| 20:35 | Construir | Town Center |
| 20:37 | Crear | Villager (Male) |
| 20:45 | Construir | Monastery |
| 20:55 | Crear | Villager (Male) |
| 20:56 | Crear | Villager (Male) |
| 21:09 | Investigar | Bow Saw |
| 21:10 | Crear | Villager (Male) |
| 21:17 | Crear | Villager (Male) |
| 21:30 | Construir | Farm |
| 21:36 | Crear | Monk |
| 21:37 | Crear | Chu Ko Nu |
| 21:46 | Crear | Villager (Male) |
| 21:48 | Construir | Farm |
| 21:48 | Construir | Farm |
| 21:49 | Crear | Villager (Male) |
| 21:58 | Crear | Villager (Male) |
| 22:07 | Crear | Villager (Male) |
| 22:13 | Crear | Villager (Male) |
| 22:27 | Crear | Villager (Male) |
| 22:31 | Crear | Villager (Male) |
| 23:06 | Crear | Villager (Male) |
| 23:29 | Crear | Villager (Male) |
| 23:30 | Crear | Chu Ko Nu |
| 23:42 | Crear | Villager (Male) |
| 23:45 | Crear | Villager (Male) |
| 23:45 | Crear | Chu Ko Nu |
| 23:57 | Construir | Town Center |
| 23:58 | Crear | Villager (Male) |
| 23:59 | Construir | Farm |
| 23:59 | Construir | Farm |
| 24:01 | Crear | Villager (Male) |
| 24:04 | Crear | Iron Pagoda |
| 24:17 | Crear | Villager (Male) |
| 24:23 | Crear | Villager (Male) |
| 24:24 | Crear | Villager (Male) |
| 24:32 | Crear | Villager (Male) |
| 24:38 | Crear | Chu Ko Nu |
| 24:46 | Crear | Chu Ko Nu |
| 24:46 | Crear | Villager (Male) |
| 24:50 | Crear | Villager (Male) |
| 24:53 | Construir | Farm |
| 24:53 | Construir | Farm |
| 24:55 | Construir | University |
| 24:58 | Construir | University |
| 24:59 | Construir | Farm |
| 25:00 | Construir | Farm |
| 25:00 | Construir | Farm |
| 25:06 | Crear | Iron Pagoda |
| 25:06 | Crear | Battering Ram |
| 25:11 | Investigar | Wheelbarrow |
| 25:11 | Investigar | Wheelbarrow |
| 25:11 | Crear | Villager (Male) |
| 25:12 | Crear | Villager (Male) |
| 25:12 | Crear | Villager (Male) |
| 25:19 | Construir | Farm |
Build order — carbine
Primeras 150 de 298 acciones detectadas
| 0:00 | Crear | Villager (Male) |
| 0:00 | Crear | Villager (Male) |
| 0:00 | Crear | Villager (Male) |
| 0:01 | Construir | House |
| 0:02 | Construir | House |
| 0:14 | Crear | Villager (Male) |
| 1:11 | Crear | Villager (Male) |
| 1:25 | Construir | Lumber Camp |
| 1:45 | Crear | Villager (Male) |
| 2:04 | Construir | Palisade Gate |
| 2:09 | Crear | Villager (Male) |
| 2:28 | Construir | House |
| 2:47 | Crear | Villager (Male) |
| 2:57 | Construir | Palisade Wall |
| 2:58 | Construir | Palisade Wall |
| 3:01 | Construir | Palisade Wall |
| 3:03 | Construir | Palisade Wall |
| 3:03 | Construir | Palisade Wall |
| 3:07 | Crear | Villager (Male) |
| 3:16 | Construir | Palisade Wall |
| 3:19 | Construir | Palisade Wall |
| 3:19 | Construir | Palisade Wall |
| 3:22 | Construir | Palisade Wall |
| 3:27 | Construir | Palisade Wall |
| 3:40 | Crear | Villager (Male) |
| 4:07 | Crear | Villager (Male) |
| 4:07 | Crear | Villager (Male) |
| 4:29 | Crear | Villager (Male) |
| 4:46 | Crear | Villager (Male) |
| 5:14 | Crear | Villager (Male) |
| 5:17 | Crear | Villager (Male) |
| 5:27 | Construir | Mill |
| 5:28 | Construir | Mill |
| 5:31 | Crear | Villager (Male) |
| 5:33 | Crear | Villager (Male) |
| 5:55 | Crear | Villager (Male) |
| 5:59 | Crear | Villager (Male) |
| 6:01 | Crear | Villager (Male) |
| 6:06 | Crear | Villager (Male) |
| 6:24 | Investigar | Feudal Age |
| 7:24 | Construir | Barracks |
| 7:28 | Crear | Villager (Male) |
| 7:34 | Crear | Villager (Male) |
| 7:51 | Construir | House |
| 7:54 | Crear | Villager (Male) |
| 8:33 | Crear | Villager (Male) |
| 8:34 | Edad | Edad Feudal |
| 8:36 | Construir | Archery Range |
| 8:41 | Construir | Watch Tower |
| 8:46 | Crear | Villager (Male) |
| 8:56 | Investigar | Double-Bit Axe |
| 8:58 | Crear | Villager (Male) |
| 9:26 | Construir | House |
| 9:28 | Crear | Archer |
| 9:28 | Crear | Archer |
| 9:29 | Crear | Archer |
| 9:40 | Crear | Archer |
| 9:46 | Crear | Villager (Male) |
| 9:50 | Crear | Villager (Male) |
| 10:02 | Crear | Archer |
| 10:15 | Construir | Farm |
| 10:16 | Construir | Farm |
| 10:18 | Crear | Villager (Male) |
| 10:31 | Crear | Archer |
| 10:42 | Construir | Mining Camp |
| 10:45 | Crear | Villager (Male) |
| 10:48 | Crear | Archer |
| 10:53 | Construir | House |
| 11:13 | Crear | Villager (Male) |
| 11:26 | Crear | Villager (Male) |
| 11:26 | Crear | Villager (Male) |
| 11:28 | Crear | Archer |
| 11:46 | Construir | Farm |
| 11:48 | Construir | Farm |
| 11:49 | Construir | Farm |
| 11:51 | Construir | Farm |
| 11:51 | Crear | Villager (Male) |
| 12:07 | Crear | Archer |
| 12:14 | Crear | Villager (Male) |
| 12:21 | Construir | Mining Camp |
| 12:56 | Construir | Farm |
| 12:58 | Crear | Villager (Male) |
| 12:59 | Construir | Farm |
| 13:00 | Crear | Villager (Male) |
| 13:00 | Investigar | Loom |
| 13:02 | Construir | Farm |
| 13:12 | Construir | House |
| 13:18 | Investigar | Wheelbarrow |
| 13:29 | Construir | Palisade Wall |
| 13:38 | Crear | Villager (Male) |
| 13:43 | Construir | Watch Tower |
| 14:11 | Construir | Outpost |
| 14:11 | Crear | Villager (Male) |
| 14:14 | Construir | Farm |
| 14:40 | Crear | Villager (Male) |
| 14:42 | Crear | Villager (Male) |
| 14:53 | Construir | Blacksmith |
| 15:01 | Crear | Villager (Male) |
| 15:22 | Construir | Farm |
| 15:32 | Construir | Farm |
| 15:41 | Construir | House |
| 15:45 | Crear | Villager (Male) |
| 15:54 | Construir | Farm |
| 16:09 | Construir | Farm |
| 16:14 | Crear | Villager (Male) |
| 16:43 | Construir | Farm |
| 16:58 | Investigar | Castle Age |
| 17:25 | Crear | Archer |
| 17:25 | Investigar | Fletching |
| 17:26 | Crear | Archer |
| 17:40 | Crear | Archer |
| 18:14 | Construir | Farm |
| 18:15 | Construir | Farm |
| 18:20 | Crear | Archer |
| 18:25 | Crear | Villager (Male) |
| 18:42 | Crear | Archer |
| 19:06 | Crear | Villager (Male) |
| 19:14 | Crear | Archer |
| 19:23 | Crear | Villager (Male) |
| 19:32 | Crear | Archer |
| 19:38 | Edad | Edad de los Castillos |
| 19:40 | Investigar | Crossbowman (upgrade) |
| 19:42 | Construir | Town Center |
| 19:42 | Crear | Villager (Male) |
| 19:58 | Investigar | Bodkin Arrow |
| 19:59 | Crear | Archer |
| 20:04 | Investigar | Bow Saw |
| 20:05 | Crear | Villager (Male) |
| 20:09 | Crear | Villager (Male) |
| 20:12 | Crear | Villager (Male) |
| 20:18 | Crear | Archer |
| 20:26 | Crear | Villager (Male) |
| 20:39 | Construir | Town Center |
| 20:44 | Crear | Villager (Male) |
| 20:47 | Investigar | Gold Mining |
| 20:48 | Crear | Archer |
| 20:53 | Crear | Villager (Male) |
| 21:05 | Crear | Villager (Male) |
| 21:06 | Crear | Archer |
| 21:13 | Crear | Villager (Male) |
| 21:13 | Crear | Archer |
| 21:15 | Crear | Villager (Male) |
| 21:18 | Crear | Villager (Male) |
| 21:18 | Crear | Villager (Male) |
| 21:21 | Crear | Villager (Male) |
| 21:30 | Crear | Villager (Male) |
| 21:33 | Crear | Villager (Male) |
| 21:36 | Construir | Archery Range |
| 21:44 | Crear | Archer |
| 21:49 | Construir | Farm |
Cronología de la partida
| 2:57 | carbine · wall_segment Palisade Wall x1 |
| 2:58 | carbine · wall_segment Palisade Wall x1 |
| 3:01 | carbine · wall_segment Palisade Wall x1 |
| 3:03 | carbine · wall_segment Palisade Wall x1 |
| 3:03 | carbine · wall_segment Palisade Wall x1 |
| 3:16 | carbine · wall_segment Palisade Wall x1 |
| 3:19 | carbine · wall_segment Palisade Wall x1 |
| 3:19 | carbine · wall_segment Palisade Wall x1 |
| 3:22 | carbine · wall_segment Palisade Wall x1 |
| 3:27 | carbine · wall_segment Palisade Wall x1 |
| 7:24 | carbine · first_building Barracks |
| 8:34 | carbine · age_up feudal |
| 8:36 | carbine · first_building Archery Range |
| 9:18 | Dobbs351 · wall_segment Palisade Wall x1 |
| 9:18 | Dobbs351 · wall_segment Palisade Wall x1 |
| 9:48 | Dobbs351 · wall_segment Palisade Wall x1 |
| 9:50 | Dobbs351 · wall_segment Palisade Wall x6 |
| 10:22 | Dobbs351 · wall_segment Palisade Wall x1 |
| 10:24 | Dobbs351 · wall_segment Palisade Wall x13 |
| 11:21 | Dobbs351 · age_up feudal |
| 13:19 | Dobbs351 · first_market_buy 100 food |
| 13:20 | Dobbs351 · first_market_sell 100 wood |
| 13:29 | carbine · wall_segment Palisade Wall x1 |
| 16:07 | Dobbs351 · age_up castle |
| 16:50 | Dobbs351 · first_building Castle |
| 17:15 | Dobbs351 · first_building Siege Workshop |
| 19:38 | carbine · age_up castle |
| 20:45 | Dobbs351 · first_building Monastery |
| 25:50 | carbine · first_building Siege Workshop |
| 30:11 | carbine · first_building Castle |
| 31:58 | carbine · resign |
[ ANÁLISIS IA · 1 CRÉDITO ]
¿Qué pasó realmente en esta partida?
Wolo.gg analiza cada decisión: build order, eco, micro, errores típicos por bracket. Análisis personalizado por WhatsApp o Discord en 30 segundos.
Guía civ
Chinos
Perfil
Jugador #246423